 Dungeon Crawl Stone Soup version 0.31-a0-845-g9abc20d24f (console) character file.

Game seed: 15110035432726975695

6 petzl the Sneak (level 2, 0/24 HPs)
             Began as a Formicid Delver on Oct 2, 2023.
             Slain by a hound (4 damage)
             ... on level 5 of the Dungeon.
             The game lasted 00:05:47 (567 turns).

petzl the Sneak (Formicid Delver)                    Turns: 567, Time: 00:05:48

Health: 0/24       AC:  5    Str: 16    XL:     2   Next: 0%
Magic:  3/3        EV: 11    Int:  9    God:
Gold:   16         SH:  0    Dex: 15    Spells: 3/3 levels left

rFire   . . .        a - +0 mace
rCold   . . .        (no shield)
rNeg    . . .        h - +0 ring mail
rPois   .            (helmet unavailable)
rElec   .            (no cloak)
rCorr   .            (no gloves)
SInv    +            (no boots)
Will    .....        (no amulet)
Stlth   +++          (no ring)
HPRegen 0.24/turn    (no ring)
MPRegen 0.08/turn

%: no passive effects
@: no status effects
A: permanent stasis, dig shafts and tunnels, antennae 3, four strong arms
a: Dig, Shaft Self


You were on level 5 of the Dungeon.
You visited 1 branch of the dungeon, and saw 1 of its levels.
You also visited: Ossuary.

You collected 16 gold pieces.

Inventory:

Hand Weapons
 a - a +0 mace (weapon)
Armour
 b - a +0 leather armour
 g - a scarf of harm
 h - a +0 ring mail (worn)
Wands
 f - a wand of digging (3)
 l - a wand of charming (13)
Scrolls
 c - a scroll of fog
 d - 3 scrolls of revelation
 e - 2 scrolls of identify {unknown}
 k - a scroll of noise {unknown}
 m - a scroll of immolation {unknown}
 n - a scroll of brand weapon {unknown}
Potions
 i - a potion of might {unknown}
 j - 2 potions of lignification {unknown}
 o - a potion of attraction {unknown}
 p - a potion of brilliance {unknown}


   Skills:
 - Level 3.3 Fighting
 - Level 2.0 Maces & Flails
 - Level 1.8 Dodging
 - Level 6.0 Stealth
 + Level 1.2 Spellcasting


You had 3 spell levels left.
You didn't know any spells.
Your spell library contained the following spells:

 Spells                   Type           Power      Damage    Failure   Level
 Magic Dart               Conj           0%         1d3       56%         1
 Call Imp                 Summ           0%         N/A       71%         2
 Mephitic Cloud           Conj/Pois/Air  0%         N/A       91%         3


Dungeon Overview and Level Annotations

Branches:
Dungeon (5/15)            Ossuary (visited)
 Temple: D:4-7

Altars:


Innate Abilities, Weirdness & Mutations

You cannot be hasted, slowed, berserked, paralysed or teleported.
You can dig through walls and to a lower floor.
You have a pair of large antennae on your head. (SInv)
Your four strong arms can wield two-handed weapons with a shield.


Message History

The hound bites you but does no damage. The hound attacks as it pursues you!
The hound closely misses you. The hound bites you.
The hound pauses to sniff the ground.
The hound barely misses you. The hound attacks as it pursues you!
The hound closely misses you. The hound barely misses you.
The hound stops to sniff the ground.
The hound closely misses you. The hound attacks as it pursues you!
The hound bites you but does no damage. The hound attacks as it pursues you!
The hound bites you but does no damage.
You sock the hound!
The hound is moderately wounded.
The hound bites you. The hound barely misses you. The hound barely misses you.
Okay, then.
You miss the hound.
The hound is moderately wounded.
The hound closely misses you. The hound barely misses you.
You hit the hound.
The hound is severely wounded.
The hound bites you but does no damage. The gnoll barely misses you.
The hound closely misses you.
You hit the hound.
The hound is severely wounded.
The hound bites you. The gnoll closely misses you.
The hound stops to sniff the ground.
The hound barely misses you.
The gnoll hits you from afar with a +0 halberd.
You hit the hound but do no damage.
The hound is severely wounded.
The hound closely misses you. The hound bites you but does no damage.
The gnoll hits you from afar with a +0 halberd!
You hit the hound.
The hound is almost dead.
The hound bites you but does no damage.
The gnoll hits you from afar with a +0 halberd.
* * * LOW HITPOINT WARNING * * *
The hound bites you.
You die...

#.#* **...{g** ####.#
#.#########...#* #.#
#..#########+## #.#
*#...########.## #g#
**.....#######.## #.#
*,......######.## #.#
**.....######...###### #.#
***#...###............# #.#
*,,........###..g#.##.######.#
*,*##.###..###..##.##.....g..#
*,*##...........##.###########
*,*######..####.##.#
*,,........####.##.#
**########....g....#
#.......#####.####
#.#####g#####.##
*.#####.#####.##
****#.#####g#####.####
*,,,........h@.......#
*,**.....##.#####.##.########
*,**....,...# ##...#........#
*,**...,##### #.....#######.#
*,,,..,,,* ##...## #.#
*,,,.,,,,* ##.## #.# **,**,**,*
#.# ##.##### *,**,**,* #.#
#......# *,**,**,* *#+#*
#.>###.# *,**,**,* **,,,**
#<..#*,* *,**,**,* **,,,,<**
#...#*,* *,,,,,,,* **,,,,,,,**
#...#*,*
****,,,,****,,,,,,,,,***#...#*,*
*,,,,,,,+,,,,,,,,,+,,.....,,,
*,,,,****,,,,,,,,,***#...##**
**,*,** **,,,,,,,** ##.## *,,***
**,,,,,** *.#** *,** **,,,**
*,,,* *,* **+** ***,*


You could see a hound and a gnoll.

Vanquished Creatures
  A ball python skeleton (Ossuary)
  2 hobgoblin skeletons (Ossuary)
  3 hobgoblin zombies (Ossuary)
  An orc skeleton (Ossuary)
  A quokka zombie (D:5)
  A rat zombie (D:5)
9 creatures vanquished.

Vanquished Creatures (others)
  A butterfly (D:5)
1 creature vanquished.

Grand Total: 10 creatures vanquished

Notes
Turn   | Place    | Note
-------+----------+-------------------------------------------
     0 | D:5      | petzl the Formicid Delver began the quest for the Orb.
     0 | D:5      | Reached XP level 1. HP: 18/18 MP: 1/1
    30 | D:5      | Noticed a hound
    73 | D:5      | Found a sand-covered staircase.
   262 | D:5      | Noticed a black bear
   298 | Ossuary  | Entered an ossuary
   363 | Ossuary  | Noticed a wight
   368 | Ossuary  | Noticed a wight
   373 | Ossuary  | Reached skill level 1 in Spellcasting
   387 | Ossuary  | Reached XP level 2. HP: 23/24 MP: 3/3
   409 | Ossuary  | Noticed a wraith
   409 | Ossuary  | Noticed a flying skull
   416 | Ossuary  | Noticed a flying skull
   419 | Ossuary  | Noticed a flying skull
   426 | Ossuary  | Noticed a flying skull
   449 | Ossuary  | Noticed a wraith
   567 | D:5      | Slain by a hound

Illustrated notes

Levels and vault maps discovered:
D:5:      layout_loops_corners, nicolae_elyvilon_peaceful_grove,
          enter_ossuary_4, guppyfry_shop_venom

Skill      XL: |  1 |
---------------+----+-----
Spellcasting   | 1 |  1.2
Fighting       | |  3.3
Maces & Flails | |  2.0
Dodging        | |  1.8
Stealth        | |  6.0

Action                     || total
---------------------------++-------
  Melee: Mace              ||    25
    Use: Scroll            ||     2
   Stab: Sleeping          ||     7
 Armour: Ring mail         ||    20
         Leather armour    ||     2
  Dodge: Dodged            ||    19

Table legend: (Time is in decaauts)
 A = Elapsed time spent in this place.
 B = Non-inter-level travel time spent in this place.
 C = Inter-level travel time spent in this place.
 D = Time resting spent in this place.
 E = Time spent auto-exploring this place.
 F = Levels seen in this place.
 G = Mean time per level.
                   A        B        C        D        E       F      G
               +--------+--------+--------+--------+--------+-----+--------+
         Total |    573 |    573 |      0 |      7 |     48 |   2 |  286.5 |
       Dungeon |    367 |    367 |      0 |      7 |     32 |   1 |  367.0 |
       Ossuary |    206 |    206 |      0 |      0 |     16 |   1 |  206.0 |
               +--------+--------+--------+--------+--------+-----+--------+

Top non-repeatable levels by time:
     D:5: 367 daAuts
 Ossuary: 206 daAuts
